 Dungeon Crawl Stone Soup version 0.21-a0-185-g3a6ed1e (webtiles) character file.

6816 Manul the Basher (level 10, -14/77 HPs)
             Began as a Mummy Gladiator on Aug 12, 2017.
             Was an Initiate of Gozag.
             Killed from afar by a steam dragon (31 damage)
             ... with a ball of steam
             ... on level 9 of the Dungeon.
             The game lasted 00:12:29 (12280 turns).

Manul the Basher (Mummy Gladiator)                 Turns: 12280, Time: 00:12:29

Health: -14/77     AC: 11    Str: 20    XL:     10   Next: 77%
Magic:  10/10      EV: 14    Int: 16    God:    Gozag
Gold:   582        SH:  0    Dex: 19    Spells: 9/9 levels left

rFire    x . .     SeeInvis .   w - +2 hand axe (elec)
rCold    + . .     Gourm    .   (no shield)
rNeg     + + +     Faith    .   t - +0 scale mail
rPois    ∞         Spirit   .   j - +2 hat
rElec    .         Reflect  .   (no cloak)
rCorr    .         Harm     .   r - +0 pair of gloves
MR       +....                  (no boots)
Stlth    ..........             (no amulet)
HPRegen  0.22/turn              x - ring of Cem Giwk {*Corrode rPois Int+8 Dex+5}
MPRegen  0.12/turn              (no ring)

@: about to teleport
A: no food or potions, fire vulnerability, cold resistance 1, negative energy
resistance 3, torment resistance, unbreathing
a: Potion Petition, Call Merchant, Bribe Branch, Renounce Religion


You were on level 9 of the Dungeon.
You worshipped Gozag.
Gozag was pleased with you.
You were not hungry.

You visited 2 branches of the dungeon, and saw 10 of its levels.

You collected 687 gold pieces.
You paid 105 gold pieces to Gozag.

Inventory:

Hand Weapons
 a - a +0 war axe
 d - a +2 flail of protection
 i - a +1 whip of flaming
 l - a +1 whip of freezing
 s - a +0 bardiche
 v - a +1 vampiric scythe
 w - a +2 hand axe of electrocution (weapon)
 y - a +0 flail of protection
Armour
 b - a +2 robe of magic resistance
 j - a +2 hat (worn)
 r - a +0 pair of gloves (worn)
 t - a +0 scale mail (worn)
Jewellery
 x - the ring of Cem Giwk (left hand) {*Corrode rPois Int+8 Dex+5}
   (You took it off an orc wizard on level 4 of the Dungeon)

   [ring of dexterity]

   It affects your intelligence (+8).
   It affects your dexterity (+5).
   It protects you from poison.
   It may corrode you when you take damage.
Wands
 c - a wand of lightning (2/15)
 A - a wand of polymorph (13/24)
 B - a wand of lightning (8/15)
 C - a wand of polymorph (12/24)
Scrolls
 e - 4 scrolls of identify
 f - a scroll of noise {unknown}
 g - 2 scrolls of amnesia {unknown}
 h - a scroll of remove curse
 k - a scroll of recharging {unknown}
 m - a scroll of teleportation
 n - 2 scrolls of enchant armour {unknown}
 o - a scroll of fog {unknown}
 p - a scroll of fear {unknown}
 q - a scroll of enchant weapon
 u - 2 scrolls of blinking {unknown}
Books
 z - a book of Power

   Spells                             Type                      Level
   a - Iskenderun's Battlesphere      Conjuration/Charms           5
   b - Venom Bolt                     Conjuration/Poison           5
   c - Bolt of Magma                  Conjuration/Fire/Earth       5
   d - Iron Shot                      Conjuration/Earth            6
   e - Orb of Destruction             Conjuration                  7
   f - Spellforged Servitor           Conjuration/Summoning        7
 D - a book of Debilitation

   Spells                             Type                      Level
   a - Corona                         Hexes                        1
   b - Slow                           Hexes                        2
   c - Inner Flame                    Hexes/Fire                   3
   d - Portal Projectile              Hexes/Translocation          3
   e - Cause Fear                     Hexes                        4
   f - Leda's Liquefaction            Hexes/Earth                  4


   Skills:
 + Level 6.5 Fighting
 - Level 3.4(6.5) Axes
 + Level 8.6(9.0) Maces & Flails
 + Level 2.0 Throwing
 + Level 6.6 Armour
 * Level 6.6 Dodging


You had 9 spell levels left.
You didn't know any spells.

Dungeon Overview and Level Annotations

Branches:
Dungeon (9/15)             Temple (1/1) D:7
   Lair: D:8-11         Orc: D:9-12

Altars:
Ashenzari
Cheibriados
Dithmenos
Elyvilon
Fedhas
Gozag
Hepliaklqana
Kikubaaqudgha
Makhleb
Nemelex Xobeh
Okawaru
Qazlal
Ru
Sif Muna
Trog
Uskayaw
Vehumet
Wu Jian
Xom
Yredelemnul
Zin
The Shining One

Shops:
D:5 *   D:6 (


Innate Abilities, Weirdness & Mutations

You do not eat or drink.
Your flesh is vulnerable to fire.
You are immune to poison.
Your flesh is cold resistant. (rC+)
You are immune to negative energy. (rN+++)
You are immune to unholy pain and torment.
You can survive without breathing.


Message History

You closely miss the steam dragon.
The steam dragon is severely wounded.
The steam dragon bites you but does no damage.
The steam dragon claws you but does no damage.
A two-headed ogre comes into view. It is wielding two giant clubs.
You closely miss the steam dragon.
The steam dragon is severely wounded.
The steam dragon barely misses you. The steam dragon claws you.
* * * LOW HITPOINT WARNING * * *
Unknown command.
As you read the scroll of teleportation, it crumbles to dust.
You feel strangely unstable. The steam dragon bites you.
* * * LOW HITPOINT WARNING * * *
The steam dragon completely misses you. The steam dragon closely misses you.
The steam dragon claws you but does no damage.
The steam dragon breathes steam at you. The ball of steam hits you!
The steam scalds you terribly!
You die...
Your body crumbles into a pile of gold.

.#.#.....#.....#
#.............#
.#.⌠.⌠.#.....#
........#####
#.....#.#####
............#
###.##.#.O..#
#....#....#
####.#.§@.#
..#D##.# +##O#
.# ... .. ....
... ...[......
#...........
#............


You could see a two-headed ogre and a steam dragon.

Vanquished Creatures
  Erica (D:8)
  Pikel (D:6)
  Grinder (D:4)
  Sigmund (D:6)
  Eustachio (D:6)
  6 yaks (D:7)
  A hungry ghost (D:9)
  Menkaure (D:7)
  Edmund (D:4)
  Duvessa (D:7)
  A water moccasin (D:6)
  3 orc warriors (D:8)
  2 black bears
  4 slaves
  A sky beast (D:8)
  2 ice beasts
  4 ogres
  4 phantoms
  A centaur (D:5)
  4 bullfrogs
  Dowan (D:7)
  A gnoll sergeant (D:8)
  2 scorpions
  A water moccasin skeleton (D:4)
  8 killer bees
  A centaur zombie (D:5)
  2 howler monkeys
  2 crimson imps
  A bullfrog zombie (D:8)
  3 hounds
  5 orc priests
  2 bullfrog skeletons
  Natasha (thrice) (D:4)
  2 iguanas
  10 orc wizards
  6 worker ants
  2 hound zombies
  A worker ant zombie (D:9)
  3 gnolls (D:8)
  12 adders
  3 oozes
  An adder skeleton (D:7)
  4 worms
  3 dart slugs (D:1)
  3 leopard geckos
  36 orcs
  A ball python (D:5)
  6 bats
  8 giant cockroaches
  6 hobgoblins
  11 jackals
  11 kobolds
  3 quokkas
  3 frilled lizards
  5 goblins
  6 rats
219 creatures vanquished.

Vanquished Creatures (others)
  2 orc wizards (D:5)
  A plant (D:4)
3 creatures vanquished.

Grand Total: 222 creatures vanquished

Notes
Turn   | Place    | Note
-------+----------+-------------------------------------------
     0 | D:1      | Manul the Mummy Gladiator began the quest for the Orb.
     0 | D:1      | Reached XP level 1. HP: 16/16 MP: 1/1
   138 | D:1      | Reached XP level 2. HP: 18/22 MP: 2/2
   767 | D:1      | Reached XP level 3. HP: 26/27 MP: 3/3
  1030 | D:2      | Found a shattered altar of Ashenzari.
  1158 | D:2      | Reached XP level 4. HP: 22/34 MP: 4/4
  1627 | D:2      | Found a hazy altar of Hepliaklqana.
  1628 | D:2      | Found a shimmering altar of Xom.
  1629 | D:2      | Noticed a spectral ugly thing
  2030 | D:3      | Reached skill level 1 in Maces & Flails
  2150 | D:3      | Reached XP level 5. HP: 38/39 MP: 5/5
  2294 | D:4      | Reached skill level 1 in Armour
  2316 | D:4      | Reached skill level 2 in Maces & Flails
  2501 | D:4      | Found a basalt altar of Yredelemnul.
  2530 | D:4      | Found a glowing drain.
  2748 | D:3      | Reached XP level 6. HP: 9/46 MP: 6/6
  3778 | D:4      | Reached skill level 3 in Maces & Flails
  3780 | D:4      | Noticed Edmund
  4274 | D:4      | Killed Edmund
  4274 | D:4      | Reached XP level 7. HP: 21/52 MP: 7/7
  4702 | D:4      | Noticed Grinder
  4726 | D:4      | Paralysed by Grinder for 6 turns
  4760 | D:4      | Killed Grinder
  4760 | D:4      | Reached skill level 4 in Maces & Flails
  4772 | D:4      | Found a stormy altar of Qazlal.
  4824 | D:4      | Noticed Natasha
  4835 | D:4      | Killed Natasha
  4872 | D:4      | Noticed Natasha
  4884 | D:4      | Killed Natasha
  4894 | D:4      | Got a faintly glowing brass ring
  4895 | D:4      | Identified the ring of Cem Giwk {*Corrode rPois Int+8 Dex+5} (You took it off an orc wizard on level 4 of the Dungeon)
  5341 | D:4      | Noticed Natasha
  5344 | D:4      | Killed Natasha
  5575 | D:5      | Entered Level 5 of the Dungeon
  5680 | D:5      | Reached skill level 5 in Maces & Flails
  5680 | D:5      | Reached XP level 8. HP: 60/60 MP: 8/8
  5813 | D:5      | Found Kuphipt's Assorted Antiques.
  6431 | D:5      | Found a deep blue altar of Sif Muna.
  6647 | D:6      | Noticed Pikel
  6716 | D:6      | Reached skill level 6 in Maces & Flails
  7449 | D:6      | Noticed Eustachio
  7471 | D:6      | Killed Eustachio
  7471 | D:6      | Reached XP level 9. HP: 61/66 MP: 9/9
  7574 | D:6      | Killed Pikel
  7574 | D:6      | Reached skill level 7 in Maces & Flails
  7719 | D:6      | Found Koosig's Antique Weapon Shoppe.
  7848 | D:6      | Noticed Sigmund
  8062 | D:6      | Killed Sigmund
  8062 | D:6      | Reached skill level 5 in Fighting
  8062 | D:6      | Reached skill level 5 in Dodging
  8216 | D:7      | Noticed Duvessa
  8216 | D:7      | Noticed Dowan
  8491 | D:7      | Killed Duvessa
  8602 | D:7      | Killed Dowan
  8812 | D:7      | Reached skill level 8 in Maces & Flails
  8900 | D:7      | Found a snail-covered altar of Cheibriados.
  9160 | D:7      | Reached skill level 5 in Armour
  9214 | D:7      | Found a staircase to the Ecumenical Temple.
  9216 | D:7      | Reached XP level 10. HP: 71/74 MP: 10/10
  9229 | Temple   | Entered the Ecumenical Temple
  9307 | D:7      | Noticed Menkaure
  9315 | D:7      | Killed Menkaure
  9428 | D:7      | HP: 2/76 [yak (11)]
 10203 | D:7      | Found an opulent altar of Gozag.
 10203 | D:7      | Found an iron altar of Okawaru.
 10210 | D:7      | Became a worshipper of Gozag Ym Sagoz the Greedy
 11637 | D:8      | Noticed Erica
 11661 | D:8      | Killed Erica
 12251 | D:9      | Found a white marble altar of Elyvilon.
 12277 | D:9      | Noticed a two-headed ogre
 12280 | D:9      | Killed from afar by a steam dragon

Vault maps used:
D:1:      lightli_arrival_flooded_house
D:2:      regret_index_temple_of_mockery, evilmike_ruin_ashenzari,
          grunt_ministairs_2, item_on_display_a
D:3:      minmay_fountain_box
D:4:      kennysheep_mini, old_standard_altar, cheibrodos_sewer_entry_bend,
          saegor_snake_ambush, uniq_grinder, uniq_edmund, uniq_natasha
D:5:      kennysheep_little_box, first_bread, serial_shops, shop
D:6:      serial_shops, shop, uniq_sigmund, uniq_pikel, uniq_eustachio
D:7:      cheibrodos_worm_habitat, gammafunk_temple_overflow_pools,
          temple_fountains, uniq_menkaure, uniq_duvessa
D:8:      uniq_erica
D:9:      elyvilon_altar_5
Temple:   nicolae_temple_x_marks_the_god

Skill      XL: |  1  2  3  4  5  6  7  8  9 10 |
---------------+-------------------------------+-----
Axes           | 3 |  3.4
Dodging        | 3 4 5 6 |  6.6
Maces & Flails | 1 2 3 5 6 8 |  8.6
Armour         | 1 2 3 4 5 6 |  6.6
Fighting       | 3 4 5 6 |  6.5
Throwing       | 2 |  2.0

Action                   |  1- 3 |  4- 6 |  7- 9 | 10-12 || total
-------------------------+-------+-------+-------+-------++-------
Melee: War axe           |    48 |       |       |       ||    48
       Whip              |    37 |   241 |       |       ||   278
       Bardiche          |       |     4 |       |       ||     4
       Flail             |       |       |   422 |       ||   422
       Hand axe          |       |       |    22 |   219 ||   241
       Scythe            |       |       |     1 |       ||     1
Throw: Throwing net      |       |     4 |     1 |       ||     5
Evoke: Wand              |       |       |       |     1 ||     1
  Use: Scroll            |       |       |     6 |     2 ||     8
 Stab: Held in net/web   |       |     1 |       |       ||     1
Armor: Leather armour    |    30 |     2 |       |       ||    32
       Ring mail         |       |    74 |     7 |       ||    81
       Scale mail        |       |       |   264 |    61 ||   325
Dodge: Dodged            |    55 |   131 |   298 |   149 ||   633
